 Dungeon Crawl Stone Soup version 0.28.0 (webtiles) character file.

Game seed: 6886048936305532493

16 KamiKatze the Shield-Bearer (level 2, -1/16 HPs)
             Began as a Vine Stalker Fighter on Feb 6, 2022.
             Slain by a gnoll (6 damage)
             ... on level 1 of the Dungeon.
             The game lasted 00:01:57 (363 turns).

KamiKatze the Shield-Bearer (Vine Stalker Fighter)   Turns: 363, Time: 00:01:58

Health: -1/16      AC:  6    Str: 18    XL:     2   Next: 54%
Magic:  0/3        EV:  9    Int:  8    God:
Gold:   34         SH:  4    Dex: 13    Spells: 1/1 levels left

rFire   . . .      SeeInvis .   a - +0 rapier
rCold   . . .      Faith    .   c - +0 buckler
rNeg    . . .      Spirit   +   b - +0 scale mail
rPois   +          Reflect  .   (no helmet)
rElec   .          Harm     .   (no cloak)
rCorr   .          Rampage  .   (no gloves)
Will    .....                   (no boots)
Stlth   ..........              f - amulet of the acrobat
HPRegen 0.05/turn               h - ring of poison resistance
MPRegen 0.08/turn               (no ring)

@: no status effects
A: fangs 2, magic shield, antimagic bite, no potion heal 2
a: no special abilities


You were on level 1 of the Dungeon.
You visited 1 branch of the dungeon, and saw 1 of its levels.

You collected 34 gold pieces.

Inventory:

Hand Weapons
 a - a +0 rapier (weapon)
Missiles
 g - 4 poisoned darts (quivered)
 k - 25 stones
Armour
 b - a +0 scale mail (worn)
 c - a +0 buckler (worn)
 e - a +0 chain mail
Jewellery
 f - an amulet of the acrobat (around neck)
 h - a ring of poison resistance (left hand)
Scrolls
 i - a scroll of amnesia {unknown}
 j - a scroll of teleportation {unknown}
Potions
 d - a potion of might


   Skills:
 + Level 2.8 Fighting
 * Level 2.1 Short Blades
 + Level 2.5 Armour
 + Level 0.3 Dodging
 * Level 2.9 Shields


You had one spell level left.
You didn't know any spells.
Your spell library was empty.

Dungeon Overview and Level Annotations

Branches:
Dungeon (1/15)

Altars:


Innate Abilities, Weirdness & Mutations

You have extremely sharp teeth.
When hurt, damage is shared between your health and your magic reserves.
Your bite disrupts and absorbs the magic of your enemies.
Potions cannot restore your health.


Message History

The hobgoblin hits you but does no damage.
You hit the hobgoblin.
The hobgoblin is severely wounded.
The hobgoblin hits you.
You barely miss the hobgoblin.
The hobgoblin is severely wounded.
The hobgoblin hits you but does no damage.
You closely miss the hobgoblin. Your bite misses the hobgoblin.
The hobgoblin is severely wounded.
The hobgoblin hits you but does no damage.
You hit the hobgoblin.
You kill the hobgoblin!
No target in view!
You open the door.
There is an open door here.
There is an open door here.
You see here 18 sling bullets.
Found a hand axe.
You see here a +0 hand axe.
You see here a +0 hand axe.
k - 25 stones
Found a stone staircase leading down.
An endoplasm comes into view.
The endoplasm quivers.
A gnoll comes into view. It is wielding a +0 spear.
The gnoll shouts!
The endoplasm completely misses you.
You puncture the endoplasm!
You kill the endoplasm!
The gnoll hits you from afar with a +0 spear.
The gnoll closely misses you. The gnoll misses you.
The gnoll hits you with a +0 spear.
You barely miss the gnoll. The gnoll hits you with a +0 spear.
* * * LOW HITPOINT WARNING * * *
You hit the gnoll but do no damage. Your bite misses the gnoll.
The gnoll misses you.
You hit the gnoll but do no damage. You bite the gnoll, but do no damage.
The gnoll hits you with a +0 spear!
You die...

.#.............................#.
.#################.#####.......#.
. #.# #....##.#. #.# #.#.###.#.
#.# #.#.# #... #.# #...###...
####### #.# ##........
......########.# #.####..#
###......g@..## #.# #..#
#>....#####...#####.####..#
#.....# #...............# #.....#
#...####...###.## #.....#
#.####.........# #.....# #.#
#.#...#####
#.#...######.####.##.##
#.#...................#
##.....################


You could see a gnoll.

Vanquished Creatures
  A dart slug (D:1)
  2 bats (D:1)
  An endoplasm (D:1)
  2 hobgoblins (D:1)
  A quokka (D:1)
  A frilled lizard (D:1)
  3 goblins (D:1)
  2 rats (D:1)
13 creatures vanquished.

Notes
Turn   | Place    | Note
-------+----------+-------------------------------------------
     0 | D:1      | KamiKatze the Vine Stalker Fighter began the quest for the
                  | Orb.
     0 | D:1      | Reached XP level 1. HP: 11/11 MP: 2/2
    28 | D:1      | Found a faded altar of an unknown god.
   180 | D:1      | Reached XP level 2. HP: 16/16 MP: 3/3
   363 | D:1      | Slain by a gnoll

Illustrated notes

Levels and vault maps discovered:
D:1:      minmay_arrival_cross, layout_loops_ring,
          chequers_ecumenical_altar_simple_redux

Skill      XL: |  1 |
---------------+----+-----
Short Blades   | 2 |  2.1
Fighting       | |  2.8
Armour         | |  2.5
Dodging        | |  0.3
Shields        | |  2.9

Action                   || total
-------------------------++-------
Melee: Rapier            ||    29
       Bite              ||     6
Armor: Scale mail        ||    15
Dodge: Dodged            ||    18
Block: Buckler           ||     3
